 Dungeon Crawl Stone Soup version 0.25.0 (webtiles) character file.

Game seed: 8565259487071996085

83253 HoaS the Brawler (level 15, -22/157 HPs)
             Began as a Gargoyle Berserker on June 12, 2020.
             Was the Champion of Trog.
             Killed from afar by an ice dragon (25 damage)
             ... with a blast of cold
             ... on level 15 of the Dungeon.
             The game lasted 00:47:48 (20248 turns).

HoaS the Brawler (Gargoyle Berserker)              Turns: 20248, Time: 00:47:49

Health: -22/157    AC: 35    Str: 28    XL:     15   Next: 76%
Magic:  15/15      EV: 18    Int:  9    God:    Trog [******]
Gold:   1915       SH:  0    Dex: 23    Spells: 14/14 levels left

rFire    . . .     SeeInvis .     - Unarmed
rCold    . . .     Gourm    .   (no shield)
rNeg     + + +     Faith    .   x - +8 chain mail of Xom's Condemnation {*Contam rN++ rCorr Str+4}
rPois    ∞         Spirit   .   d - +0 helmet
rElec    +         Reflect  .   y - +0 cloak
rCorr    +         Harm     .   p - +0 pair of gloves
MR       +....                  c - +1 pair of boots
Stlth    ..........             I - amulet of the acrobat
HPRegen  0.36/turn              H - +6 ring of dexterity
MPRegen  0.14/turn              A - +6 ring of dexterity

@: berserking, flying, very quick
A: big wings, negative energy resistance 1, electricity resistance, unbreathing,
petrification resistance, rot immunity, AC +11
a: Stop Flying, Berserk, Trog's Hand, Brothers in Arms, Renounce Religion


You were on level 15 of the Dungeon.
You worshipped Trog.
Trog was exalted by your worship.
You were hungry.

You visited 2 branches of the dungeon, and saw 21 of its levels.
You also visited: Sewer and Bailey.

You collected 1915 gold pieces.

Inventory:

Missiles
 n - 4 throwing nets (quivered)
 q - 86 stones
Armour
 c - a +1 pair of boots (worn)
 d - a +0 helmet (worn)
 p - a +0 pair of gloves (worn)
 x - the +8 chain mail of Xom's Condemnation (worn) {*Contam rN++ rCorr Str+4}
   (You found it on level 4 of the Dungeon)

   It affects your strength (+4).
   It greatly protects you from negative energy.
   It causes magical contamination when unequipped.
   It provides partial protection from all sources of acid and corrosion.
 y - a +0 cloak (worn)
Jewellery
 a - a +6 ring of strength
 u - an uncursed amulet of faith
 A - a +6 ring of dexterity (right hand)
 D - the amulet of Vitality {Regen+ HP+15}
   (You found it on level 3 of the Lair of Beasts)

   [amulet of regeneration]

   It affects your health (+15).
   It increases your rate of regeneration.
 G - an uncursed ring of protection from fire
 H - a +6 ring of dexterity (left hand)
 I - an amulet of the acrobat (around neck)
 J - a +6 ring of strength
Wands
 f - a wand of disintegration (22)
 m - a wand of enslavement (17)
 o - a wand of iceblast (24)
 w - a wand of flame (37)
 B - a wand of polymorph (3)
Scrolls
 e - 2 scrolls of blinking
 h - 6 scrolls of identify
 r - a scroll of enchant armour
 t - 17 scrolls of teleportation
 v - 6 scrolls of fog
 C - 3 scrolls of magic mapping
 F - 7 scrolls of remove curse
Potions
 g - 4 potions of haste
 i - 5 potions of might
 j - 5 potions of flight
 k - 2 potions of ambrosia
 l - 2 potions of lignification
 s - 7 potions of curing
 z - 2 potions of berserk rage
 E - 4 potions of mutation
 L - 3 potions of invisibility
 M - a potion of heal wounds
Comestibles
 b - 46 rations
 K - a chunk of flesh


   Skills:
 + Level 16.7 Fighting
 - Level 6.0 Armour
 - Level 12.0 Dodging
 * Level 17.8 Unarmed Combat


You had 14 spell levels left.
You didn't know any spells.
Your spell library was empty.

Dungeon Overview and Level Annotations

Branches:
Dungeon (15/15)            Temple (0/1) D:6            Lair (6/6) D:8
 Shoals (0/4) Lair:2       Spider (0/4) Lair:2        Slime (0/5) Lair:5
    Orc (0/2) D:11         Vaults (0/5) D:13          Sewer (visited)
 Bailey (visited)
 Depths: D:15

Altars:
Dithmenos
Gozag

Shops:
D:5 }   D:6 *   D:12 [   D:13 %

Annotations:
Lair:3 exclusion: oklob plant


Innate Abilities, Weirdness & Mutations

You are resistant to torment.
Your stone body is resilient. (AC +11)
You are immune to poison.
Your large and strong wings let you fly indefinitely.
You resist negative energy. (rN+)
You are resistant to electric shocks. (rElec)
You can survive without breathing.
You are immune to petrification.
You are immune to rotting.


Message History

The fire dragon misses you.
The fire dragon claws you but does no damage.
The fire dragon completely misses you.
You pummel the fire dragon!!
The fire dragon is severely wounded.
The ice dragon completely misses you.
The ice dragon claws you but does no damage.
The ice dragon tramples you but does no damage.
The shadow closely misses you.
You pummel the fire dragon!!
The fire dragon is almost dead.
The fire dragon bites you.
* * * LOW HITPOINT WARNING * * *
The fire dragon claws you but does no damage.
The fire dragon tramples you but does no damage.
You barely miss the fire dragon.
The fire dragon is almost dead.
The ice dragon breathes frost at you. The blast of cold hits you!!
You die...

........######......
........##..../.....
........#....(......
........#.......#
............(####
..............#
..........(...#
.......W......#
.......#@)....#
.........#DD....#
.........W.5.#####
#.......##...#
#.......#....#
#......##...###
#......##.....#
#.............##
#................


You could see a fire dragon (catching breath), an ice dragon (catching breath),
a shadow and a crimson imp.

Vanquished Creatures
  Kirke (Lair:6)
  The ghost of dorian the Severer, a journeyman GrFi of Wu Jian (D:13)
  5 hydras
  A rakshasa (D:14)
  A death knight (D:14)
  An ogre mage (D:12)
  3 centaur warriors
  15 two-headed ogres
  Urug (D:8)
  Sonja (Lair:1)
  3 unseen horrors
  A lindwurm (Lair:5)
  An orb spider (Lair:2)
  A deep elf mage (D:13)
  2 phantasmal warriors (D:14)
  An ugly thing (D:13)
  2 wolf spiders (Lair:6)
  A manticore (D:15)
  A cyclops (D:15)
  A guardian serpent (Lair:6)
  3 centaur zombies
  6 black mambas (Lair:6)
  2 gargoyles
  15 spiny frogs
  A spiny frog (shapeshifter) (D:14)
  A torpor snail (Lair:2)
  2 rime drakes
  A freezing wraith (D:14)
  6 komodo dragons
  A yaktaur (D:15)
  A tengu conjurer (D:14)
  A queen bee (shapeshifter) (D:14)
  6 trolls
  3 hornets
  Prince Ribbit (D:5)
  3 slime creatures (D:15)
  A polar bear (Lair:6)
  9 hippogriffs
  5 blink frogs (Lair:5)
  6 dream sheep (Lair:6)
  A spriggan (D:11)
  2 shadows
  A redback (Lair:6)
  A vampire (D:11)
  A water elemental (D:12)
  A human (shapeshifter) (D:15)
  29 yaks
  A wraith (D:14)
  4 basilisks
  13 wyverns
  5 hungry ghosts
  2 steam dragons
  4 wargs
  Menkaure (D:5)
  3 vampire mosquitoes (D:11)
  2 soldier ants (D:14)
  13 water moccasins
  3 porcupines (Lair:1)
  The ghost of HiStorm4nn the Ducker, an amateur FeTm of Elyvilon (D:4)
  Duvessa (D:5)
  9 orc warriors
  An eye of draining (D:8)
  2 ice beasts
  8 necrophages
  3 sky beasts
  5 boggarts
  2 black bears
  15 ogres
  3 phantoms
  11 centaurs
  2 wolves (Lair:4)
  4 big kobolds
  7 crocodiles
  Blork the orc (D:5)
  17 bullfrogs
  Dowan (D:5)
  A water moccasin zombie (D:7)
  3 wyvern skeletons
  3 scorpions
  12 wights
  10 electric eels
  4 crimson imps
  6 howler monkeys
  A bullfrog zombie (D:4)
  4 jellies
  2 quasits
  10 orc priests
  4 hounds
  5 centaur skeletons
  3 bullfrog skeletons
  14 orc wizards
  4 iguanas
  4 hell rats (Lair:4)
  Ijyb (D:4)
  9 worker ants
  A hound zombie (D:9)
  16 adders
  2 gnolls
  3 river rats
  2 shadow imps
  2 oozes
  2 adder zombies (D:6)
  2 adder skeletons
  10 worms
  A dart slug (D:1)
  11 leopard geckos
  59 orcs
  13 bats
  6 giant cockroaches
  19 goblins
  13 hobgoblins
  14 jackals
  36 kobolds
  6 quokkas
  4 ball pythons (Sewer)
  7 frilled lizards
  A jackal skeleton (D:5)
  8 rats
  8 plants (Lair:4)
644 creatures vanquished.

Vanquished Creatures (collateral kills)
  An ogre mage (D:15)
  A two-headed ogre (D:15)
  A cyclops (D:15)
3 creatures vanquished.

Vanquished Creatures (others)
  A human (Lair:6)
  An orc (D:13)
  6 fungi (Lair:6)
  11 plants
19 creatures vanquished.

Grand Total: 666 creatures vanquished

Notes
Turn   | Place    | Note
-------+----------+-------------------------------------------
     0 | D:1      | HoaS the Gargoyle Berserker began the quest for the Orb.
     0 | D:1      | Reached XP level 1. HP: 14/14 MP: 1/1
   110 | D:1      | Reached XP level 2. HP: 11/19 MP: 2/2
   816 | D:1      | Reached XP level 3. HP: 20/24 MP: 3/3
   841 | D:1      | Reached ** piety under Trog
  1247 | D:2      | Reached skill level 4 in Unarmed Combat
  1463 | D:2      | Reached XP level 4. HP: 24/29 MP: 4/4
  2169 | D:3      | Reached skill level 5 in Unarmed Combat
  2169 | D:3      | Reached XP level 5. HP: 23/34 MP: 5/5
  2999 | D:4      | Noticed an ogre
  3011 | D:4      | Killed an ogre
  3011 | D:4      | Reached XP level 6. HP: 40/40 MP: 6/6
  3063 | D:4      | Reached *** piety under Trog
  3089 | D:4      | Noticed Ijyb
  3107 | D:4      | Killed Ijyb
  3107 | D:4      | Reached skill level 5 in Fighting
  3218 | D:4      | Noticed a hungry ghost
  3224 | D:4      | Got a shimmering chain mail
  3235 | D:4      | Identified the +8 chain mail of Xom's Condemnation {*Contam
                  | rN++ rCorr Str+4} (You found it on level 4 of the Dungeon)
  3253 | D:4      | Reached skill level 6 in Unarmed Combat
  3385 | D:4      | Noticed HiStorm4nn's ghost (amateur FeTm)
  3387 | D:4      | Found a transporter.
  3407 | D:4      | Found a transporter.
  3888 | D:5      | Entered Level 5 of the Dungeon
  3900 | D:5      | Reached XP level 7. HP: 43/44 MP: 7/7
  3925 | D:5      | Noticed Duvessa
  3935 | D:5      | Noticed Dowan
  3939 | D:5      | Killed Duvessa
  3939 | D:5      | Reached skill level 7 in Unarmed Combat
  3961 | D:5      | Killed Dowan
  3973 | D:5      | Noticed Menkaure
  3984 | D:5      | Killed Menkaure
  4016 | D:5      | Reached XP level 8. HP: 40/52 MP: 8/8
  4119 | D:5      | Reached skill level 8 in Unarmed Combat
  4122 | D:5      | Found a glowing drain.
  4126 | Sewer    | Entered a sewer
  4173 | Sewer    | Reached **** piety under Trog
  4744 | D:5      | Noticed Blork the orc
  4751 | D:5      | Killed Blork the orc
  4756 | D:5      | Noticed Prince Ribbit
  4768 | D:5      | Killed Prince Ribbit
  4768 | D:5      | Reached skill level 9 in Unarmed Combat
  4829 | D:5      | Found Yxtun's Gadget Emporium.
  5055 | D:6      | Reached XP level 9. HP: 52/58 MP: 9/9
  5145 | D:6      | Found a staircase to the Ecumenical Temple.
  5509 | D:6      | Found Gozag's Platinum Reserve.
  5509 | D:6      | Found an opulent altar of Gozag.
  5687 | D:7      | Reached ***** piety under Trog
  5773 | D:7      | Reached skill level 10 in Unarmed Combat
  6547 | D:8      | Identified a scroll of acquirement
  6696 | D:8      | Found a staircase to the Lair.
  6971 | D:8      | Reached skill level 11 in Unarmed Combat
  6971 | D:8      | Reached XP level 10. HP: 66/66 MP: 10/10
  6983 | D:8      | Received a gift from Trog
  7088 | D:8      | Reached skill level 5 in Dodging
  7453 | D:4      | Killed HiStorm4nn's ghost
  7566 | D:9      | Noticed a two-headed ogre
  7598 | D:8      | Killed a two-headed ogre
  7598 | D:8      | Reached skill level 10 in Fighting
  8382 | D:10     | Entered Level 10 of the Dungeon
  8547 | D:10     | Noticed a gargoyle
  8556 | D:10     | Killed a gargoyle
  8556 | D:10     | Reached skill level 12 in Unarmed Combat
  8556 | D:10     | Reached XP level 11. HP: 73/73 MP: 11/11
  8767 | D:10     | Received a gift from Trog
  9261 | D:11     | Killed an unseen horror
  9292 | D:11     | Noticed a two-headed ogre
  9306 | D:11     | Killed a two-headed ogre
  9349 | D:11     | Found a staircase to the Orcish Mines.
  9437 | D:11     | Identified the +4 ring mail "Bysorrua" {Int+3 Slay+2}
 10023 | D:11     | Noticed a two-headed ogre
 10027 | D:11     | Killed a two-headed ogre
 10027 | D:11     | Reached skill level 10 in Dodging
 10336 | D:12     | Noticed a two-headed ogre
 10343 | D:12     | Killed a two-headed ogre
 10343 | D:12     | Reached skill level 13 in Unarmed Combat
 10343 | D:12     | Reached XP level 12. HP: 81/81 MP: 12/12
 10356 | D:12     | Found Piqoso Deirr's Armour Shop.
 10441 | D:12     | Received a gift from Trog
 10656 | D:12     | Noticed a seven-headed hydra
 10662 | D:12     | Killed a seven-headed hydra
 11114 | Lair:1   | Entered Level 1 of the Lair of Beasts
 11125 | Lair:1   | Noticed Urug
 11346 | D:8      | Killed Urug
 11431 | Lair:1   | Noticed Sonja
 11434 | Lair:1   | Noticed a five-headed hydra
 11443 | Lair:1   | Killed a five-headed hydra
 11444 | Lair:1   | Killed Sonja
 12383 | Lair:2   | Found a hole to the Spider Nest.
 12558 | Lair:2   | Found a shadowy altar of Dithmenos.
 12559 | Lair:2   | Found a staircase to the Shoals.
 12572 | Lair:2   | Reached skill level 14 in Unarmed Combat
 12581 | Lair:2   | Reached XP level 13. HP: 79/88 MP: 13/13
 12713 | Lair:2   | Gained mutation: Your large and strong wings let you fly
                  | indefinitely. [Gargoyle growth]
 12713 | Lair:2   | Reached XP level 14. HP: 96/96 MP: 14/14
 13615 | Lair:3   | Found the amulet of Vitality {Regen+ HP+15}
 13960 | Lair:4   | Reached ****** piety under Trog
 13964 | Lair:4   | Received a gift from Trog
 14019 | Lair:4   | Reached skill level 15 in Unarmed Combat
 14968 | Lair:5   | Reached skill level 15 in Fighting
 15437 | Lair:5   | Found a staircase to the Slime Pits.
 15745 | Lair:6   | Entered Level 6 of the Lair of Beasts
 16252 | Lair:6   | Reached skill level 5 in Armour
 16653 | Lair:6   | Reached skill level 16 in Unarmed Combat
 16667 | Lair:6   | Noticed Kirke
 16697 | Lair:6   | Killed Kirke
 17251 | D:13     | Found a gate to the Vaults.
 17266 | D:12     | Received a gift from Trog
 17279 | D:12     | Reached XP level 15. HP: 41/104 MP: 15/15
 17855 | D:13     | Found a runed translucent gate.
 17856 | D:13     | Found a runed translucent gate.
 17857 | D:13     | Found a runed translucent gate.
 17857 | D:13     | Noticed dorian's ghost (journeyman GrFi)
 18034 | D:13     | Found Zumim's Food Emporium.
 18127 | D:13     | Killed dorian's ghost
 18274 | D:14     | Found a flagged portal.
 18306 | Bailey   | Entered a bailey
 18410 | Bailey   | Found a burning altar of Makhleb.
 18646 | D:14     | Reached skill level 17 in Unarmed Combat
 18904 | D:14     | Received a gift from Trog
 19210 | D:14     | Found a shadowy altar of Dithmenos.
 19435 | D:15     | Entered Level 15 of the Dungeon
 20242 | D:15     | HP: 5/157 [fire dragon/blast of flame (21)]
 20247 | D:15     | HP: 2/157 [fire dragon (3)]
 20248 | D:15     | Killed from afar by an ice dragon

Illustrated notes

Levels and vault maps discovered:
D:1:      dpeg_arrival_short_road, layout_basic
D:2:      layout_basic, minmay_small_reverse_x
D:3:      layout_loops_corners, first_ration
D:4:      kennysheep_the_goblin_king, layout_basic, gammafunk_ghost_mausoleum,
          minmay_checkerbox
D:5:      layout_rooms, gup_sewer_entry_spiral, serial_shops, shop,
          minmay_ogre_servants, uniq_prince_ribbit1, uniq_menkaure,
          uniq_blork_the_orc, uniq_duvessa
D:6:      layout_basic, nicolae_gozag_zags_fifth_avenue,
          lemuel_temple_firewalk_b
D:7:      layout_loops_corners, bh_walls_and_bars
D:8:      layout_basic, erik_lair_orcish_takeover
D:9:      layout_basic
D:10:     layout_loops_ring
D:11:     layout_loops_corners, erik_orc_4, the_bakery
D:12:     layout_basic, serial_shops, nicolae_shop_stone
D:13:     layout_rooms, david_vaults_2, serial_shops, kennysheep_mini_moat,
          ebering_ghost_rock_garden
D:14:     layout_long_grid, enter_bailey_8, grunt_dithmenos_shadows
D:15:     grunt_enter_depths_hoard, layout_cross, lemuel_tele_altar
Lair:1:   layout_layer_cave, serial_bayou_shore_a, grunt_megastairs_1,
          uniq_sonja, uniq_urug
Lair:2:   layout_regular_city, minmay_shoals_entry_centaurs,
          nicolae_spider_entry_orb_guardian, basic_altar
Lair:3:   layout_cave_pods, minmay_lair_oklob_bushes
Lair:4:   layout_long_grid, kennysheep_abandoned_house, wad_woods_river_01,
          infiniplex_staircase_pool
Lair:5:   layout_cave_pods, slime_dummy, serial_bayou_lagoon_b
Lair:6:   hangedman_lair_tendril_chambers, layout_regular_city,
          lemuel_fruit_tree, uniq_kirke

Skill      XL: |  1  2  3  4  5  6  7  8  9 10 11 12 13 14 15 |
---------------+----------------------------------------------+-----
Unarmed Combat | 4 5 6 7 9 11 12 13 14 16 17 | 17.8
Fighting       | 4 5 6 7 9 10 12 13 14 15 16 | 16.7
Dodging        | 4 7 10 11 12 | 12.0
Armour         | 6 |  6.0

Action                   |  1- 3 |  4- 6 |  7- 9 | 10-12 | 13-15 || total
-------------------------+-------+-------+-------+-------+-------++-------
Melee: Unarmed           |   160 |   261 |   458 |   665 |   899 ||  2443
       Punch             |     2 |     7 |    19 |    54 |   123 ||   205
Invok: Trog's Hand       |       |       |     1 |     1 |     2 ||     4
       Berserk           |       |       |       |       |     2 ||     2
       Brothers in Arms  |       |       |       |       |     1 ||     1
 Abil: Fly               |       |       |       |       |     1 ||     1
Evoke: Wand              |       |     2 |       |       |    14 ||    16
  Use: Scroll            |       |       |    21 |     5 |     9 ||    35
       Potion            |       |       |       |       |     1 ||     1
  Eat: Chunk             |     2 |     8 |    11 |    21 |    25 ||    67
       Ration            |       |       |       |     1 |     1 ||     2
Armor: Animal skin       |    54 |       |       |       |       ||    54
       Scale mail        |    28 |   107 |       |       |       ||   135
       Chain mail        |       |    10 |   237 |   295 |   463 ||  1005
Dodge: Dodged            |   107 |   124 |   156 |   339 |   881 ||  1607
